 Dungeon Crawl Stone Soup version 0.16-a0-623-g20b2139 (webtiles) character file.

58 PolkaDot the Caller (level 3, 0/36 HPs)
             Began as a Vampire Summoner on Sept 18, 2014.
             Killed by divine providence
             ... invoked by an orc priest
              (13 damage)
             ... on Level 3 of the Dungeon.
             The game lasted 00:06:47 (2026 turns).

PolkaDot the Caller (Vampire Summoner)              Turns: 2026, Time: 00:06:48

HP   0/36        AC 22     Str  7      XL: 3   Next: 75%
MP   6/6         EV  2     Int 18      God:
Gold 105         SH  0     Dex 17 (19) Spells:  2 memorised,  2 levels left

rFire  . . .     SeeInvis +     b - +0 hunting sling
rCold  . . .     Clarity  .     g - melded +0 robe
rNeg   + + +     rCorr    .     (no shield)
rPois  +         rRot     .     r - +0 helmet
rElec  .         Spirit   .     (cloak currently unavailable)
SustAb .         Warding  .     l - melded +0 pair of gloves
rMut   .         NoTele   +     j - melded +0 pair of boots (curse)
Gourm  .                        (no amulet)
MR     .....                    (no ring)
                                p - ring of stealth

@: agile, tree-form, regenerating very quickly, not resistant to hostile
enchantments, quite stealthy
A: (fangs 0), see invisible, (unbreathing)
a: no special abilities


You were on level 3 of the Dungeon.
You were almost alive.
You were an animated tree.
You visited 1 branch of the dungeon, and saw 3 of its levels.

You collected 105 gold pieces.

Inventory:

Hand weapons
 a - a +0 quarterstaff
 b - a +0 hunting sling (weapon)
Missiles
 n - 44 stones (quivered)
Armour
 g - a +0 robe (melded)
 j - a cursed +0 pair of boots (melded)
 l - a +0 pair of gloves (melded)
 r - a +0 helmet (worn)
Scrolls
 d - 3 scrolls of remove curse {unknown}
 e - a scroll of magic mapping {unknown}
 f - a scroll of amnesia {unknown}
 h - 3 scrolls of identify {unknown}
 i - 2 scrolls of random uselessness {unknown}
Jewellery
 p - a ring of stealth (left branch)
Potions
 k - a potion of lignification
Books
 m - a book of Callings

   Spells                             Type                      Level
   *Summon Small Mammal               Summoning                    1
   Call Imp                           Summoning                    2
   *Call Canine Familiar              Summoning                    3
   Summon Guardian Golem              Hexes/Summoning              4
   Summon Lightning Spire             Summoning/Air                4
   Summon Ice Beast                   Ice/Summoning                4


   Skills:
 + Level 0.4 Staves
 - Level 2.1 Dodging
 - Level 3.0 Stealth
 - Level 2.0 Spellcasting
 * Level 5.3 Summonings


You had 2 spell levels left.
You knew the following spells:

 Your Spells              Type           Power        Failure   Level  Hunger
a - Summon Small Mammal   Summ           ###.         1%          1    #......
d - Call Canine Familiar  Summ           ###.....     10%         3    ####...


Dungeon Overview and Level Annotations

Branches:
Dungeon (3/15)

Altars:
Makhleb
Nemelex Xobeh
Beogh


Innate Abilities, Weirdness & Mutations

Your natural rate of healing is extremely fast.
((You have razor-sharp teeth.))
You have supernaturally acute eyesight.
((You can survive without breathing.))


Message History

Ouch! That really hurt!
* * * LOW HITPOINT WARNING * * *
The orc hits you but does no damage.
There is a stone staircase leading down here.
Drink which item? (? for menu, Esc to quit)
You turn into an animated tree.
Your +0 pair of gloves melds into your body.
Your cursed +0 pair of boots melds into your body.
Your +0 robe melds into your body.
Your roots penetrate the ground.
It was a potion of lignification.
The orc hits you but does no damage.
Drink which item? (? for menu, Esc to quit)
There was something very wrong with that liquid!
You feel clumsy.
It was a potion of degeneration.
The orc hits you but does no damage.
Drink which item? (? for menu, Esc to quit)
You feel agile all of a sudden.
It was a potion of agility.
The orc hits you but does no damage.
The orc priest invokes the aid of Beogh against you.
Something smites you!
You die...

#####.###...#
##### #.....#.#
##._.####..###..#
#$8.8$#....# ..##
#$$$.$#.##.#..## .
#.8o8.#.##.#.# ...
#o..##.##.#.
......##o##..##..
.......$.o♣.###..
#.######.o...##...
##....##...
........
######.... ##.. .


You could see an orc priest and 3 orcs.

Vanquished Creatures
  A worm (D:2)
  2 giant geckos
  2 ball pythons
  7 giant cockroaches
  8 hobgoblins
  4 bats
  6 giant newts
  7 goblins
  3 kobolds
  7 rats
47 creatures vanquished.

Vanquished Creatures (collateral kills)
  A kobold (D:1)
1 creature vanquished.

Grand Total: 48 creatures vanquished

Notes
Turn   | Place    | Note
--------------------------------------------------------------
     0 | D:1      | PolkaDot, the Vampire Summoner, began the quest for the Orb.
     0 | D:1      | Reached XP level 1. HP: 13/13 MP: 3/3
     2 | D:1      | Found a sparkling altar of Nemelex Xobeh.
   307 | D:1      | Reached XP level 2. HP: 19/19 MP: 4/4
  1069 | D:1      | Reached skill level 5 in Summonings
  1069 | D:1      | Reached XP level 3. HP: 15/24 MP: 6/6
  1664 | D:2      | Found a burning altar of Makhleb.
  1910 | D:2      | Learned a level 3 spell: Call Canine Familiar
  2018 | D:3      | Found a roughly hewn altar of Beogh.
  2026 | D:3      | Killed from afar by an orc priest

Action                   || total
-------------------------++-------
Melee: Unarmed           ||    24
       Mace              ||    33
       Dagger            ||   116
 Fire: Hunting sling     ||    43
 Cast: Summon Small Mamm ||     6
  Use: Potion            ||     4
 Stab: Sleeping          ||     1
  Eat: Corpse            ||    16
